 Dungeon Crawl Stone Soup version 0.21-a0-85-ga0cb861 (webtiles) character file.

529 grindst0ne the Shield-Bearer (level 7, -5/52 HPs)
             Began as a Formicid Fighter on June 25, 2017.
             Was a Follower of Ru.
             Killed by divine providence
             ... invoked by an orc priest
              (8 damage)
             ... on level 4 of the Dungeon.
             The game lasted 00:05:34 (4013 turns).

grindst0ne the Shield-Bearer (Formicid Fighter)     Turns: 4013, Time: 00:05:34

Health: -5/52      AC: 12    Str: 19 (21) XL:     7   Next: 48%
Magic:  7/7        EV:  7    Int:  4 (7)  God:    Ru [*.....]
Gold:   203        SH: 10    Dex: 11 (12) Spells: 6/6 levels left

rFire    . . .     SeeInvis +   a - +0 long sword
rCold    . . .     Gourm    .   c - +0 shield
rNeg     . . .     Faith    .   j - +0 chain mail
rPois    +         Spirit   .   (helmet unavailable)
rElec    .         Reflect  .   s - +1 cloak {rPois}
rCorr    .         Harm     .   (no gloves)
MR       .....                  (no boots)
Stlth    ..........             (no amulet)
HPRegen  0.17/turn              (no ring)
MPRegen  0.10/turn              (no ring)

@: no status effects
A: permanent stasis, dig shafts and tunnels, four strong arms, antennae 3, hated
by all
a: Dig, Shaft Self, Renounce Religion


You were on level 4 of the Dungeon.
You worshipped Ru.
Ru was aware of your devotion.
You were hungry.

You visited 1 branch of the dungeon, and saw 4 of its levels.

You collected 203 gold pieces.

Inventory:

Hand Weapons
 a - a +0 long sword (weapon)
Armour
 b - a +0 scale mail
 c - a +0 shield (worn)
 j - a +0 chain mail (worn)
 s - a +1 cloak of poison resistance (worn)
Jewellery
 u - an uncursed amulet of magic regeneration {unknown}
 w - an uncursed amulet of rage {unknown}
Wands
 o - a wand of digging (13/24)
Scrolls
 e - 2 scrolls of teleportation {unknown}
 g - a scroll of blinking {unknown}
 h - 3 scrolls of identify {unknown}
 l - a scroll of fear {unknown}
 p - 4 scrolls of remove curse {unknown}
 q - a scroll of amnesia {unknown}
 r - a scroll of fog {unknown}
Potions
 n - 2 potions of agility {unknown}
 v - a potion of invisibility {unknown}
Comestibles
 f - a bread ration
 i - a meat ration
 m - 7 fruits
 t - a royal jelly


   Skills:
 + Level 3.4 Fighting
 - Level 2.0 Long Blades
 + Level 6.7 Armour
 - Level 7.0 Shields


You had 6 spell levels left.
You didn't know any spells.

Dungeon Overview and Level Annotations

Branches:
Dungeon (4/15)
 Temple: D:4-7

Altars:
Elyvilon
Gozag
Kikubaaqudgha
Ru


Innate Abilities, Weirdness & Mutations

You cannot be hasted, slowed, berserked, paralysed or teleported.
You can dig through walls and to a lower floor.
Your four strong arms can wield two-handed weapons with a shield.
You have a pair of large antennae on your head. (SInv)
You are hated by all.


Message History

The orc priest calls down the wrath of Beogh upon you.
Beogh smites you!
* * * LOW HITPOINT WARNING * * *
The orc priest hits you with a trident.
* * * LOW HITPOINT WARNING * * *
It was a potion of degeneration.
There was something very wrong with that liquid.
You feel weakened.
You feel dopey.
You feel clumsy.
It was a potion of curing.
You feel better. The orc priest hits you with a trident.
* * * LOW HITPOINT WARNING * * *
You feel better. You block the orc priest's attack.
You closely miss the orc priest.
The orc priest is moderately wounded.
The orc priest mumbles some strange prayers to Beogh against you.
Beogh smites you!
* * * LOW HITPOINT WARNING * * *
The orc priest mumbles some strange prayers to Beogh against you.
Beogh smites you!
You die...

##.## #.# #.## ##...##
#.# ###.#
##########[....# #....
..............#########.#
#.###
##.....#####....).?.o)..#
#.# # .......#
#.####{###### #.###
##.....# #.# #{## #....
#.....# #.# ##o# #####
#.##### #.# #@## ... #.#
### ### #.# #.#


You could see an orc priest.

Vanquished Creatures
  Sigmund (D:2)
  A phantom (D:4)
  Crazy Yiuf (D:3)
  Terence (D:3)
  An orc wizard (D:3)
  A worker ant (D:4)
  Robin (D:2)
  4 adders
  An ooze (D:3)
  3 worms
  2 dart slugs
  A leopard gecko (D:1)
  8 orcs
  A ball python (D:2)
  8 bats
  2 giant cockroaches
  18 goblins
  17 hobgoblins
  4 jackals (D:3)
  7 kobolds
  A quokka (D:3)
  7 frilled lizards
  A quokka skeleton (D:4)
  3 rats
95 creatures vanquished.

Notes
Turn   | Place    | Note
-------+----------+-------------------------------------------
     0 | D:1      | grindst0ne the Formicid Fighter began the quest for the Orb.
     0 | D:1      | Reached XP level 1. HP: 18/18 MP: 1/1
   149 | D:1      | Reached XP level 2. HP: 20/24 MP: 2/2
   202 | D:1      | Reached skill level 4 in Shields
   400 | D:1      | Reached XP level 3. HP: 29/29 MP: 3/3
   963 | D:2      | Noticed Robin
   971 | D:2      | Killed Robin
   973 | D:2      | Reached XP level 4. HP: 32/35 MP: 4/4
  1375 | D:2      | Found a sacrificial altar of Ru.
  1421 | D:2      | Became a worshipper of Ru the Awakened
  1444 | D:2      | Found an opulent altar of Gozag.
  1697 | D:2      | Reached skill level 5 in Shields
  1769 | D:2      | Noticed Sigmund
  1776 | D:2      | Killed Sigmund
  1776 | D:2      | Reached skill level 5 in Armour
  1776 | D:2      | Reached skill level 6 in Shields
  1776 | D:2      | Reached XP level 5. HP: 31/41 MP: 5/5
  1776 | D:2      | Reached XP level 6. HP: 36/47 MP: 6/6
  2091 | D:2      | Found an ancient bone altar of Kikubaaqudgha.
  2091 | D:2      | Found a sacrificial altar of Ru.
  2118 | D:3      | Noticed Terence
  2133 | D:3      | Killed Terence
  2633 | D:3      | Reached XP level 7. HP: 52/52 MP: 7/7
  2935 | D:3      | Found a white marble altar of Elyvilon.
  2978 | D:3      | Found a runed door.
  3122 | D:3      | Gained mutation: You are hated by all. [Ru sacrifice]
  3122 | D:3      | Reached * piety under Ru
  3397 | D:3      | Noticed Crazy Yiuf
  3404 | D:3      | Killed Crazy Yiuf
  3730 | D:4      | Reached skill level 7 in Shields
  4009 | D:4      | HP: 2/52 [orc priest/trident (1)]
  4013 | D:4      | Killed from afar by an orc priest

Vault maps used:
D:1:      dpeg_arrival_signposts, minmay_close_crescents
D:2:      old_standard_altar, gammafunk_temple_overflow_wave,
          nicolae_ru_sacrificial_ziggurat, uniq_robin, uniq_sigmund
D:3:      overflow_temple_1_default, uniq_terence, uniq_crazy_yiuf_cottage
D:4:      marbit_many_paths, first_bread

Skill      XL: |  1  2  3  4  5  6  7 |
---------------+----------------------+-----
Shields        | 4 6 7 |  7.0
Armour         | 4 5 6 |  6.7
Fighting       | |  3.4
Long Blades    | |  2.0

Action                   |  1- 3 |  4- 6 |  7- 9 || total
-------------------------+-------+-------+-------++-------
Melee: Long sword        |    73 |   188 |    89 ||   350
Invok: Sacrifice Love    |       |       |     1 ||     1
 Abil: Dig               |     2 |     9 |     1 ||    12
  Use: Potion            |       |     1 |     3 ||     4
  Eat: Chunk             |       |     7 |     4 ||    11
Armor: Scale mail        |    38 |    36 |       ||    74
       Chain mail        |       |    44 |    32 ||    76
Dodge: Dodged            |    32 |    62 |    21 ||   115
Block: Shield            |    48 |    95 |    33 ||   176
       Rpst.: Long sword |    11 |    23 |     5 ||    39
